TOP OF THE 1ST |
Battle Ground Aeros batting - Pitching for San Bernardino Grasshoppers : RHP Raúl Molina
|
Pitching: RHP Raúl Molina
|
|
Batting: RHB Jeffrey Jones
|
0-0: Called Strike 0-1: Swinging Strike 0-2: Ball 1-2: Strikes out swinging
|
Batting: RHB Broderick Terry
|
0-0: Ball 1-0: Ball 2-0: Ball 3-0: Base on Balls
|
Batting: LHB Javier Antonio
|
0-0: Foul Ball, location: 2F 0-1: Ball 1-1: Foul Ball, location: 2F 1-2: Ball 2-2: Strikes out looking
|
Batting: RHB Byron Isaacson
|
0-0: Swinging Strike 0-1: Fly out, F8 (Flyball, 8LXD)
|
Top of the 1st over - 0 run(s), 0 hit(s), 0 error(s), 1 left on base; Battle Ground 0 - San Bernardino 0 |
BOTTOM OF THE 1ST |
San Bernardino Grasshoppers batting - Pitching for Battle Ground Aeros : RHP John Shirley
|
Pitching: RHP John Shirley
|
|
Batting: RHB Manuel Rivera
|
0-0: Ball 1-0: Called Strike 1-1: Fly out, F8 (Flyball, 8LM)
|
Batting: RHB Roberto Ruíz
|
0-0: Ball 1-0: Foul Ball, location: 2F 1-1: Called Strike 1-2: Strikes out swinging
|
Batting: RHB Alonso Rivera
|
0-0: Fly out, F7 (Flyball, 7M)
|
Bottom of the 1st over - 0 run(s), 0 hit(s), 0 error(s), 0 left on base; Battle Ground 0 - San Bernardino 0 |
TOP OF THE 2ND |
Battle Ground Aeros batting - Pitching for San Bernardino Grasshoppers : RHP Raúl Molina
|
Batting: RHB Stephen Johnson
|
0-0: Called Strike 0-1: Ball 1-1: Ball 2-1: DOUBLE (Line Drive, 9LM)
|
Batting: RHB Abdul-Fattah bin Najjar
|
0-0: SINGLE (Line Drive, 78S) Stephen Johnson to third
|
Batting: LHB En-lai Gao
|
0-0: Fly out, F7 (Flyball, 7M) Runner from 3rd tags up, OUT at HOME Abdul-Fattah bin Najjar to second
|
Batting: RHB Ray Flynn
|
0-0: Called Strike 0-1: Ball 1-1: SINGLE (Line Drive, 34D) Abdul-Fattah bin Najjar to third
|
Batting: RHB Bennett Whitaker
|
0-0: Called Strike 0-1: Fielders Choice at 2nd, U4 (Groundball, 4M)
|
Top of the 2nd over - 0 run(s), 3 hit(s), 0 error(s), 2 left on base; Battle Ground 0 - San Bernardino 0 |
BOTTOM OF THE 2ND |
San Bernardino Grasshoppers batting - Pitching for Battle Ground Aeros : RHP John Shirley
|
Batting: RHB Brandon Cole
|
0-0: Ball 1-0: DOUBLE (Flyball, 78XD)
|
Batting: RHB Manny Cervantes
|
0-0: Ball 1-0: Foul Ball, location: 2F 1-1: Called Strike 1-2: Strikes out swinging
|
Batting: RHB Jay Kidd
|
0-0: Fly out, F4 (Popup, 34D)
|
Batting: RHB José Ruíz
|
0-0: Called Strike 0-1: Ball 1-1: Foul Ball, location: 2F 1-2: Ball 2-2: Ball 3-2: Foul Ball, location: 2F 3-2: SINGLE (Line Drive, 8LS) Brandon Cole to third Brandon Cole scores
|
Batting: SHB Noel King
|
0-0: Ball 1-0: Ball 2-0: Swinging Strike 2-1: Ball 3-1: Called Strike 3-2: Base on Balls José Ruíz to second
|
Batting: RHB Parker Smith
|
0-0: Swinging Strike 0-1: Swinging Strike 0-2: SINGLE (Flyball, 9LS) José Ruíz to third Noel King to second
|
Batting: RHB Manuel Rivera
|
0-0: Swinging Strike 0-1: Foul Ball, location: 2F 0-2: Ball 1-2: Fly out, F8 (Flyball, 8LM)
|
Bottom of the 2nd over - 1 run(s), 3 hit(s), 0 error(s), 3 left on base; Battle Ground 0 - San Bernardino 1 |
TOP OF THE 3RD |
Battle Ground Aeros batting - Pitching for San Bernardino Grasshoppers : RHP Raúl Molina
|
Batting: RHB Jeffrey Jones
|
0-0: Called Strike 0-1: Ball 1-1: Called Strike 1-2: SINGLE (Line Drive, 89S)
|
Batting: RHB Broderick Terry
|
0-0: Ball 1-0: SINGLE (Flyball, 9LS) Jeffrey Jones to second Runner from 2nd tries for 3rd, SAFE, no throw or cutoff
|
Batting: LHB Javier Antonio
|
0-0: Foul Ball, location: 2F 0-1: Foul Ball, location: 2F 0-2: Ball 1-2: Ball 2-2: Ball 3-2: Strikes out swinging
|
Batting: RHB Byron Isaacson
|
0-0: Called Strike 0-1: Ball 1-1: Fly out, F9 (Flyball, 9S)
|
Batting: RHB Stephen Johnson
|
0-0: Ball 1-0: Fly out, F9 (Flyball, 9M)
|
Top of the 3rd over - 0 run(s), 2 hit(s), 0 error(s), 2 left on base; Battle Ground 0 - San Bernardino 1 |
BOTTOM OF THE 3RD |
San Bernardino Grasshoppers batting - Pitching for Battle Ground Aeros : RHP John Shirley
|
Batting: RHB Roberto Ruíz
|
0-0: Swinging Strike 0-1: Foul Ball, location: 2F 0-2: Strikes out swinging
|
Batting: RHB Alonso Rivera
|
0-0: Called Strike 0-1: Swinging Strike 0-2: Foul Ball, location: 2F 0-2: Ball 1-2: SINGLE (Line Drive, 78S)
|
Batting: RHB Brandon Cole
|
0-0: Foul Ball, location: 2F 0-1: Ball 1-1: DOUBLE (Flyball, 89XD) Alonso Rivera to third
|
Batting: RHB Manny Cervantes
|
0-0: Ball 1-0: Foul Ball, location: 2F 1-1: Swinging Strike 1-2: SINGLE (Line Drive, 4D) Alonso Rivera scores Brandon Cole to third
|
Batting: RHB Jay Kidd
|
0-0: Ball Manny Cervantes steals 2nd base 1-0: Ball 2-0: Swinging Strike 2-1: Called Strike 2-2: Ground out 6-3 (Groundball, 6) Brandon Cole scores
|
Batting: RHB José Ruíz
|
0-0: Foul Ball, location: 2F 0-1: Called Strike 0-2: Ball 1-2: Strikes out swinging
|
Bottom of the 3rd over - 2 run(s), 3 hit(s), 0 error(s), 1 left on base; Battle Ground 0 - San Bernardino 3 |
TOP OF THE 4TH |
Battle Ground Aeros batting - Pitching for San Bernardino Grasshoppers : RHP Raúl Molina
|
Batting: RHB Abdul-Fattah bin Najjar
|
0-0: Foul Ball, location: 2F 0-1: Ball 1-1: Foul Ball, location: 2F 1-2: Ball 2-2: Foul Ball, location: 2F 2-2: Foul Ball, location: 2F 2-2: SINGLE (Line Drive, 89S)
|
Batting: LHB En-lai Gao
|
0-0: Fly out, F5 (Popup, 56)
|
Batting: RHB Ray Flynn
|
0-0: Ball 1-0: Fly out, F5 (Line Drive, 5L)
|
Batting: RHB Bennett Whitaker
|
0-0: Ball 1-0: Fly out, F4 (Line Drive, 4M)
|
Top of the 4th over - 0 run(s), 1 hit(s), 0 error(s), 1 left on base; Battle Ground 0 - San Bernardino 3 |
BOTTOM OF THE 4TH |
San Bernardino Grasshoppers batting - Pitching for Battle Ground Aeros : RHP John Shirley
|
Batting: SHB Noel King
|
0-0: Foul Ball, location: 2F 0-1: Ball 1-1: Ground out 6-3 (Groundball, 6)
|
Batting: RHB Parker Smith
|
0-0: Ball 1-0: Foul Ball, location: 2F 1-1: Fly out, F9 (Flyball, 89M)
|
Batting: RHB Manuel Rivera
|
0-0: Ball 1-0: Foul Ball, location: 2F 1-1: Called Strike 1-2: Ball 2-2: Fly out, F3 (Line Drive, 3)
|
Bottom of the 4th over - 0 run(s), 0 hit(s), 0 error(s), 0 left on base; Battle Ground 0 - San Bernardino 3 |
TOP OF THE 5TH |
Battle Ground Aeros batting - Pitching for San Bernardino Grasshoppers : RHP Raúl Molina
|
Batting: RHB Jeffrey Jones
|
0-0: Ball 1-0: Ball 2-0: Called Strike 2-1: Ball 3-1: SINGLE (Groundball, 34D)
|
Batting: RHB Broderick Terry
|
0-0: Fly out, F8 (Flyball, 89D)
|
Batting: LHB Javier Antonio
|
0-0: Ball 1-0: Fly out, F8 (Flyball, 8LS)
|
Batting: RHB Byron Isaacson
|
0-0: Called Strike 0-1: Ball 1-1: Ball 2-1: Ball 3-1: Fly out, F9 (Line Drive, 9M)
|
Top of the 5th over - 0 run(s), 1 hit(s), 0 error(s), 1 left on base; Battle Ground 0 - San Bernardino 3 |
BOTTOM OF THE 5TH |
San Bernardino Grasshoppers batting - Pitching for Battle Ground Aeros : RHP John Shirley
|
Batting: RHB Roberto Ruíz
|
0-0: Ball 1-0: SINGLE (Line Drive, 78S)
|
Batting: RHB Alonso Rivera
|
0-0: Ball 1-0: Fly out, F8 (Flyball, 8LM)
|
Batting: RHB Brandon Cole
|
0-0: Swinging Strike 0-1: Ball Roberto Ruíz is caught stealing 2nd base 1-1: Swinging Strike 1-2: Foul Ball, location: 2F 1-2: Strikes out swinging
|
Bottom of the 5th over - 0 run(s), 1 hit(s), 0 error(s), 0 left on base; Battle Ground 0 - San Bernardino 3 |
TOP OF THE 6TH |
Battle Ground Aeros batting - Pitching for San Bernardino Grasshoppers : RHP Raúl Molina
|
Batting: RHB Stephen Johnson
|
0-0: Ball 1-0: Called Strike 1-1: Ball 2-1: Foul Ball, location: 2F 2-2: Strikes out swinging
|
Batting: RHB Abdul-Fattah bin Najjar
|
0-0: Called Strike 0-1: Swinging Strike 0-2: Strikes out swinging
|
Batting: LHB En-lai Gao
|
0-0: Ball 1-0: Foul Ball, location: 2F 1-1: Called Strike 1-2: Ball 2-2: Ball 3-2: Strikes out swinging
|
Top of the 6th over - 0 run(s), 0 hit(s), 0 error(s), 0 left on base; Battle Ground 0 - San Bernardino 3 |
BOTTOM OF THE 6TH |
San Bernardino Grasshoppers batting - Pitching for Battle Ground Aeros : RHP John Shirley
|
Batting: RHB Manny Cervantes
|
0-0: Ball 1-0: SINGLE (Groundball, 56D) (infield hit)
|
Batting: RHB Jay Kidd
|
0-0: Sac Bunt - play at first, batter OUT! 1-4 Manny Cervantes to second
|
Batting: RHB José Ruíz
|
0-0: Ball Manny Cervantes is caught stealing 3rd base 1-0: SINGLE (Groundball, 34D)
|
Batting: SHB Noel King
|
0-0: Ball 1-0: Foul Ball, location: 2F 1-1: Foul Ball, location: 2F 1-2: Foul Ball, location: 2F 1-2: DOUBLE (Groundball, 3L) José Ruíz to third
|
Batting: RHB Parker Smith
|
0-0: Ball 1-0: Ball 2-0: Ball 3-0: Base on Balls
|
Batting: RHB Manuel Rivera
|
0-0: Ball 1-0: Fly out, F5 (Popup, 5SF)
|
Bottom of the 6th over - 0 run(s), 3 hit(s), 0 error(s), 3 left on base; Battle Ground 0 - San Bernardino 3 |
TOP OF THE 7TH |
Battle Ground Aeros batting - Pitching for San Bernardino Grasshoppers : RHP Raúl Molina
|
Batting: RHB Ray Flynn
|
0-0: SINGLE (Flyball, 89S)
|
Batting: RHB Bennett Whitaker
|
0-0: Ball 1-0: Ball 2-0: Bunt missed! 2-1: Bunted foul 2-2: Ball 3-2: Foul Ball, location: 2F 3-2: Base on Balls Ray Flynn to second
|
Batting: RHB Jeffrey Jones
|
0-0: Ball 1-0: Swinging Strike 1-1: Ball 2-1: Called Strike 2-2: Ball 3-2: DOUBLE (Groundball, 5L) Ray Flynn scores Bennett Whitaker to third Runner from 3rd tries for Home, SAFE, no throw or cutoff
|
Pitching: LHP Dan McBride
|
|
Batting: RHB Broderick Terry
|
0-0: Foul Ball, location: 2F 0-1: Foul Ball, location: 2F 0-2: Ball 1-2: Foul Ball, location: 2F 1-2: Ball 2-2: Fly out, F7 (Flyball, 7LD)
|
Batting: LHB Javier Antonio
|
0-0: Ball 1-0: Foul Ball, location: 2F 1-1: Foul Ball, location: 2F 1-2: SINGLE (Line Drive, 9S) Jeffrey Jones to third
|
Batting: RHB Byron Isaacson
|
0-0: Foul Ball, location: 2F 0-1: Foul Ball, location: 2F 0-2: Ball 1-2: Grounds into double play, 6-4-3 (Groundball, 6)
|
Top of the 7th over - 2 run(s), 3 hit(s), 0 error(s), 1 left on base; Battle Ground 2 - San Bernardino 3 |
BOTTOM OF THE 7TH |
San Bernardino Grasshoppers batting - Pitching for Battle Ground Aeros : RHP John Shirley
|
Batting: RHB Roberto Ruíz
|
0-0: Ball 1-0: SINGLE (Line Drive, 9LM)
|
Batting: RHB Alonso Rivera
|
0-0: Ball 1-0: Called Strike 1-1: Ball 2-1: Fly out, F8 (Flyball, 8RM)
|
Pinch Hitting: LHB Jesús Reyes
|
0-0: Called Strike 0-1: Ball 1-1: Foul Ball, location: 2F 1-2: Ball 2-2: Strikes out swinging Roberto Ruíz steals 2nd base Batter strikes out.
|
Pitching: RHP Manny Benavides
|
|
Pinch Hitting: RHB José Paz
|
0-0: Called Strike 0-1: Ball 1-1: Called Strike 1-2: Foul Ball, location: 2F 1-2: Strikes out swinging
|
Bottom of the 7th over - 0 run(s), 1 hit(s), 0 error(s), 1 left on base; Battle Ground 2 - San Bernardino 3 |
TOP OF THE 8TH |
Battle Ground Aeros batting - Pitching for San Bernardino Grasshoppers : LHP Dan McBride
|
Pitching: RHP Héctor Rosado
|
|
Now at 3B: Arturo Aguilar
|
|
Now in LF: Jerrel Woestenberg
|
|
Batting: RHB Stephen Johnson
|
0-0: Swinging Strike 0-1: Ball 1-1: Ball 2-1: Fly out, F4 (Popup, 4D)
|
Batting: RHB Abdul-Fattah bin Najjar
|
0-0: Foul Ball, location: 2F 0-1: Called Strike 0-2: Ball 1-2: Ball 2-2: Ball 3-2: Foul Ball, location: 2F 3-2: SINGLE (Line Drive, 8LS)
|
Pitching: LHP Ricardo Roquette
|
|
Pinch Hitting: SHB Juan Torres
|
0-0: Called Strike 0-1: Called Strike 0-2: Foul Ball, location: 2F 0-2: Foul Ball, location: 2F 0-2: Ball 1-2: Fly out, F9 (Flyball, 9M)
|
Pitching: RHP Ken Snyder
|
|
Batting: RHB Ray Flynn
|
0-0: Ground out 1-3 (Groundball, 13S)
|
Top of the 8th over - 0 run(s), 1 hit(s), 0 error(s), 1 left on base; Battle Ground 2 - San Bernardino 3 |
BOTTOM OF THE 8TH |
San Bernardino Grasshoppers batting - Pitching for Battle Ground Aeros : RHP Manny Benavides
|
Now in CF: Juan Torres
|
|
Batting: RHB Jay Kidd
|
0-0: Ball 1-0: Swinging Strike 1-1: Ball 2-1: Called Strike 2-2: Foul Ball, location: 2F 2-2: Foul Ball, location: 2F 2-2: Ball 3-2: Strikes out looking
|
Batting: RHB José Ruíz
|
0-0: Called Strike 0-1: Ball 1-1: Foul Ball, location: 2F 1-2: Ball 2-2: Strikes out looking
|
Batting: SHB Noel King
|
0-0: Ball 1-0: Fly out, F7 (Flyball, 7D)
|
Bottom of the 8th over - 0 run(s), 0 hit(s), 0 error(s), 0 left on base; Battle Ground 2 - San Bernardino 3 |
TOP OF THE 9TH |
Battle Ground Aeros batting - Pitching for San Bernardino Grasshoppers : RHP Ken Snyder
|
Pitching: RHP Pepe Valdivieso
|
|
Now at C: Bradley Rowe
|
|
Pinch Hitting: RHB Brandon McCullough
|
0-0: Fly out, F4 (Popup, 3D)
|
Batting: RHB Jeffrey Jones
|
0-0: Called Strike 0-1: Swinging Strike 0-2: Strikes out looking
|
Batting: RHB Broderick Terry
|
0-0: Ball 1-0: Swinging Strike 1-1: Ball 2-1: Foul Ball, location: 2F 2-2: Ground out 5-3 (Groundball, 56S)
|
Top of the 9th over - 0 run(s), 0 hit(s), 0 error(s), 0 left on base; Battle Ground 2 - San Bernardino 3 |
|